 Dungeon Sprint DCSS version bcrawl-1.19.1 (webtiles) character file.

Game seed: 17477785556627453478

9300000 mahrnol the Axe Maniac (level 27, -14/273 HPs)
             Began as a Centaur Rogue on Nov 29, 2019.
             Was the Champion of Makhleb.
             Killed from afar by a wretched soul (88 damage)
             ... with a bolt of negative energy
             ... in the Dungeon (Sprint VIII: "Arena of Blood").
             The game lasted 00:04:46 (93 turns).

mahrnol the Axe Maniac (Centaur Rogue)                Turns: 93, Time: 00:04:46

Health: -14/273    AC:  8    Str: 15    XL:     27
Magic:  21/54      EV: 32    Int: 10    God:    Makhleb [******]
Gold:   0          SH:  0    Dex: 23    Spells: 80/80 levels left

rFire    . . .     SeeInvis .   o - +∞ Axe of Woe
rCold    . . .     Gourm    .   (shield currently unavailable)
rNeg     . . .     Faith    .   c - +0 robe
rPois    .         Spirit   .   (no helmet)
rElec    .         Reflect  .   d - +0 cloak
rCorr    .         Harm     .   (no gloves)
MR       ++...     NoTele   +   (no barding)
Stlth    +++++++++.             (no amulet)
HPRegen  0.55/turn              (no ring)
MPRegen  0.34/turn              (no ring)

@: drained, very quick
A: large, hooves 3, deformed body, speed 2, tough skin 3
a: Minor Destruction, Lesser Servant of Makhleb, Major Destruction, Greater
Servant of Makhleb, Renounce Religion


You were in the Dungeon.
You worshipped Makhleb.
Makhleb was exalted by your worship.
You were not hungry.

You visited 1 branch

Inventory:

Hand Weapons
 a - a +2 dagger
 b - a +0 blowgun
 o - the +∞ Axe of Woe (weapon)
   (You found it in the Dungeon)
Missiles
 e - 80 poisoned needles
Armour
 c - a +0 robe (worn)
 d - a +0 cloak (worn)
Wands
 f - a wand of flame (15)
 g - a wand of enslavement (15)
Scrolls
 n - a scroll of blinking
Potions
 i - a potion of curing
 j - a potion of heal wounds
 k - a potion of haste
 l - 2 potions of magic
 m - a potion of berserk rage
Comestibles
 h - a ration {!d}


   Skills:
 O Level 27(25.5) Fighting
 O Level 27(25.5) Short Blades
 O Level 27(25.5) Axes
 O Level 27(25.5) Throwing
 O Level 27(25.5) Armour
 O Level 27(25.5) Dodging
 O Level 27(25.5) Stealth
 O Level 27(25.5) Unarmed Combat
 O Level 27(25.5) Spellcasting
 O Level 27(25.5) Invocations
 O Level 27(25.5) Evocations


You had 80 spell levels left.
You didn't know any spells.
Your spell library was empty.

Dungeon Overview and Level Annotations

Branches:
Dungeon (1/1)

Altars:
Makhleb

Annotations:
D The Defiler


Innate Abilities, Weirdness & Mutations

You have hooves in place of feet.
Armour fits poorly on your strangely shaped body.
You cover ground very quickly.
You have extremely tough skin. (AC +3)


Message History

Something smites you!
The accursed points at you and mumbles some strange words.
Something smites you!
You hear a shout! x2
You slice the tentacled monstrosity!!
You pulverise the tentacled monstrosity into a thin bloody mist.
You kill the tentacled monstrosity!
You hit the large abomination but do no damage.
You dissect the large abomination like a pig carcass.
You destroy the large abomination! notify_dgn_event: Lua error: [string "global_prelude"]:208: Unknown spell name: 'hurl damnation' in 'symbol_of_torment.34.natural;hurl_damnation.33.natural;call_down_damnation.33. natural' You are engulfed in blazing flames.
* * * LOW HITPOINT WARNING * * *
You hear a shout!
The bag of meat is engulfed in blazing flames.
You hear a shout! x2
A bolt of negative energy appears from out of thin air!
Deactivating autopickup; reactivate with Ctrl-A.
The bolt of negative energy hits you!
You feel drained.
You die...

. ..... ......X...#. .
...#........o... ..
....#........X..# . ..
...%###.....%X.. ..
..###%........%...###...
..._........M§.o......%.
#.....#......%#D#o%.%...
#_.<)_#.....M.)))%......
#.....#...X).#☼#@#.....
..._...).%.))XXo§.....%.
..###...).)MM)#X#.#%.#..
.......###)X)§LM....#...
.......#.....X....%..#M.
.......#............#.
...........@.........
..o........#...#......
..........#....#....


You could see 6 accurseds, a tentacled monstrosity, a tyrant, an eight-headed
meat hydra, 4 large abominations, The Defiler and 3 bags of meat.

Vanquished Creatures
  2 hell beasts (D)
  2 greater mummies (D)
  A great orb of eyes (D)
  19 vampire knights (D)
  33 ogres (D)
  8 two-headed ogres (D)
  5 liches (D)
  3 hydras (D)
  65 orcs (D)
  2 phantoms (D)
  3 skeletal warriors (D)
  10 large abominations (D)
  3 small abominations (D)
  8 crawling corpses (D)
164 creatures vanquished.

Vanquished Creatures (others)
  An orc (D)
  4 crawling corpses (D)
5 creatures vanquished.

Grand Total: 169 creatures vanquished

Notes
Turn   | Place    | Note
-------+----------+-------------------------------------------
     0 | D        | Found the +∞ Axe of Woe
     0 | D        | mahrnol the Centaur Rogue began the quest for the Orb.
     0 | D        | Reached XP level 1. HP: 17/17 MP: 2/2
     2 | D        | Noticed a bag of meat
     2 | D        | Noticed a bag of meat
     3 | D        | Became a worshipper of Makhleb the Destroyer
     5 | D        | Killed a bag of meat
     5 | D        | Reached XP level 2. HP: 37/37 MP: 2/6
     5 | D        | Reached XP level 3. HP: 44/44 MP: 2/8
     5 | D        | Reached XP level 4. HP: 50/50 MP: 2/9
     5 | D        | Reached XP level 5. HP: 57/57 MP: 2/10
     5 | D        | Reached XP level 6. HP: 64/64 MP: 2/11
     5 | D        | Reached XP level 7. HP: 70/70 MP: 2/12
     5 | D        | Reached XP level 8. HP: 78/78 MP: 2/13
     5 | D        | Reached XP level 9. HP: 84/84 MP: 2/14
     5 | D        | Reached XP level 10. HP: 91/91 MP: 2/15
     5 | D        | Reached XP level 11. HP: 97/97 MP: 2/16
     6 | D        | Noticed a bag of meat
     7 | D        | Noticed a meat berserker
     7 | D        | Noticed a meat berserker
     9 | D        | Killed a bag of meat
     9 | D        | Reached * piety under Makhleb
     9 | D        | Reached XP level 12. HP: 105/105 MP: 2/17
     9 | D        | Noticed a meat berserker
     9 | D        | Noticed a bag of meat
     9 | D        | Noticed a bag of meat
    10 | D        | Noticed a bag of meat
    10 | D        | Killed a meat berserker
    10 | D        | Reached XP level 13. HP: 84/111 MP: 2/18
    10 | D        | Reached XP level 14. HP: 89/118 MP: 2/19
    10 | D        | Noticed a meat berserker
    10 | D        | Noticed a bag of meat
    10 | D        | Noticed a bag of meat
    12 | D        | Noticed a bag of meat
    12 | D        | Noticed a bag of meat
    12 | D        | Noticed a bag of meat
    13 | D        | Noticed a meat berserker
    13 | D        | Noticed a bag of meat
    13 | D        | Noticed a bag of meat
    13 | D        | Noticed a meat berserker
    13 | D        | Noticed a meat berserker
    13 | D        | Noticed a bag of meat
    13 | D        | Noticed a bag of meat
    14 | D        | Noticed a bag of meat
    14 | D        | Killed a meat berserker
    14 | D        | Reached skill level 27 in Axes
    14 | D        | Reached XP level 15. HP: 104/137 MP: 3/20
    14 | D        | Reached ** piety under Makhleb
    14 | D        | Killed a meat berserker
    14 | D        | Reached XP level 16. HP: 178/178 MP: 3/21
    15 | D        | Noticed a meat berserker
    15 | D        | Killed a meat berserker
    15 | D        | Reached skill level 27 in Fighting
    15 | D        | Noticed a meat berserker
    16 | D        | Noticed a meat berserker
    16 | D        | Noticed a destroyer
    16 | D        | Noticed a large bag of meat
    17 | D        | Noticed a meat berserker
    18 | D        | Killed a meat berserker
    18 | D        | Reached *** piety under Makhleb
    18 | D        | Reached XP level 17. HP: 147/191 MP: 3/22
    18 | D        | Killed a meat berserker
    18 | D        | Reached XP level 18. HP: 200/200 MP: 3/23
    18 | D        | Killed a meat berserker
    18 | D        | Reached **** piety under Makhleb
    18 | D        | Reached skill level 27 in Dodging
    18 | D        | Noticed a meat berserker
    19 | D        | Noticed a meat berserker
    19 | D        | Noticed a meat berserker
    19 | D        | Noticed a meat berserker
    20 | D        | Killed a meat berserker
    20 | D        | Reached XP level 19. HP: 207/207 MP: 4/26
    20 | D        | Reached skill level 10 in Short Blades
    20 | D        | Reached skill level 10 in Evocations
    21 | D        | Noticed a meat berserker
    21 | D        | Reached ***** piety under Makhleb
    21 | D        | Reached skill level 5 in Invocations
    21 | D        | Noticed a destroyer
    22 | D        | Killed a meat berserker
    22 | D        | Reached skill level 27 in Stealth
    22 | D        | Reached XP level 20. HP: 216/216 MP: 4/29
    22 | D        | Reached skill level 15 in Short Blades
    22 | D        | Reached skill level 15 in Evocations
    22 | D        | Reached skill level 10 in Invocations
    22 | D        | Killed a meat berserker
    22 | D        | Noticed a large bag of meat
    23 | D        | Noticed a large bag of meat
    23 | D        | Reached skill level 15 in Invocations
    23 | D        | Reached XP level 21. HP: 224/224 MP: 4/36
    23 | D        | Killed a destroyer
    24 | D        | Reached skill level 27 in Short Blades
    24 | D        | Reached skill level 27 in Evocations
    24 | D        | Reached ****** piety under Makhleb
    24 | D        | Reached skill level 27 in Invocations
    24 | D        | Reached XP level 22. HP: 233/233 MP: 4/39
    24 | D        | Noticed a destroyer
    25 | D        | Noticed a destroyer
    25 | D        | Reached skill level 15 in Armour
    25 | D        | Reached skill level 15 in Spellcasting
    25 | D        | Reached XP level 23. HP: 240/240 MP: 5/43
    26 | D        | Noticed a large bag of meat
    27 | D        | Killed a destroyer
    27 | D        | Noticed a destroyer
    28 | D        | Reached skill level 27 in Unarmed Combat
    28 | D        | Reached XP level 24. HP: 249/249 MP: 5/49
    29 | D        | Noticed a destroyer
    31 | D        | Killed a large bag of meat
    31 | D        | Killed a destroyer
    31 | D        | Reached skill level 27 in Throwing
    31 | D        | Reached skill level 27 in Armour
    31 | D        | Reached skill level 27 in Spellcasting
    31 | D        | Reached XP level 25. HP: 257/257 MP: 6/54
    32 | D        | Killed a destroyer
    32 | D        | Killed a large bag of meat
    33 | D        | Killed a large bag of meat
    33 | D        | Reached XP level 26. HP: 266/266 MP: 6/54
    36 | D        | Noticed a destroyer
    36 | D        | Killed a destroyer
    37 | D        | Reached XP level 27. HP: 129/273 MP: 7/54
    37 | D        | Killed a large bag of meat
    37 | D        | Noticed a destroyer
    38 | D        | Noticed a destroyer
    40 | D        | Noticed a destroyer
    41 | D        | Noticed a destroyer
    44 | D        | Killed a destroyer
    46 | D        | Killed a destroyer
    47 | D        | Noticed a destroyer
    48 | D        | Noticed an accursed
    49 | D        | Noticed a tyrant
    49 | D        | Noticed a large bag of meat
    49 | D        | Noticed a destroyer
    52 | D        | Killed a destroyer
    52 | D        | Noticed a large bag of meat
    53 | D        | Killed a destroyer
    54 | D        | Noticed a tyrant
    55 | D        | Killed a tyrant
    55 | D        | Noticed a tyrant
    56 | D        | Noticed an accursed
    56 | D        | Noticed a large bag of meat
    56 | D        | Noticed a destroyer
    57 | D        | Noticed a tyrant
    58 | D        | Noticed a destroyer
    59 | D        | Killed a destroyer
    59 | D        | Noticed a destroyer
    61 | D        | Killed an accursed
    62 | D        | Killed a destroyer
    62 | D        | Noticed a tyrant
    63 | D        | Killed a destroyer
    64 | D        | Killed a large bag of meat
    64 | D        | Noticed a destroyer
    65 | D        | Killed a destroyer
    65 | D        | Killed a destroyer
    67 | D        | Killed a destroyer
    68 | D        | Killed a large bag of meat
    68 | D        | Noticed a destroyer
    70 | D        | Killed a destroyer
    71 | D        | Killed a large bag of meat
    71 | D        | Noticed a large bag of meat
    72 | D        | Noticed a tyrant
    72 | D        | Noticed a destroyer
    73 | D        | Killed a destroyer
    74 | D        | Killed an accursed
    75 | D        | Noticed a meat beast
    75 | D        | Noticed an accursed
    76 | D        | Killed a tyrant
    76 | D        | Noticed a tyrant
    77 | D        | Noticed an accursed
    78 | D        | Killed a meat beast
    80 | D        | Noticed a meat beast
    81 | D        | Killed a tyrant
    81 | D        | Noticed an accursed
    82 | D        | Killed a meat beast
    82 | D        | Noticed an accursed
    83 | D        | Killed a tyrant
    83 | D        | Noticed an accursed
    84 | D        | Killed a destroyer
    85 | D        | Killed a destroyer
    86 | D        | Killed a tyrant
    88 | D        | Killed a large bag of meat
    88 | D        | Noticed a tyrant
    91 | D        | Noticed The Defiler
    91 | D        | Noticed an accursed
    93 | D        | Killed from afar by a wretched soul

Skill      XL: |  1  2  3  4  5  6  7  8  9 10 11 12 13 14 15 16 17 18 19 20 21 22 23 24 |
---------------+-------------------------------------------------------------------------+-----
Fighting       | 9 13 25 27 | 27.0
Short Blades   | 7 9 13 22 27 | 27.0
Axes           | 3 16 23 27 | 27.0
Stealth        | 17 21 27 | 27.0
Evocations     | 7 9 13 23 27 | 27.0
Dodging        | 19 24 27 | 27.0
Invocations    | 3 6 15 27 | 27.0
Armour         | 16 22 27 | 27.0
Unarmed Combat | 20 27 | 27.0
Spellcasting   | 16 22 27 | 27.0
Throwing       | 27 | 27.0

Action                   |  1- 3 |  4- 6 |  7- 9 | 10-12 | 13-15 | 16-18 | 19-21 | 22-24 | 25-27 || total
-------------------------+-------+-------+-------+-------+-------+-------+-------+-------+-------++-------
Melee: Executioner's axe |     1 |       |       |     2 |     1 |     3 |     4 |     7 |    56 ||    74
Invok: Lesser Servant of |       |       |       |       |       |     1 |       |       |       ||     1
Armor: Robe              |       |       |       |       |       |       |       |       |     1 ||     1
Dodge: Dodged            |       |       |       |       |       |       |       |       |     1 ||     1
